 Dungeon Crawl Stone Soup version 0.32-a0-18-g89e19f1 (webtiles) character file.

Game seed: 15211666519884730738

143266 ironshield the Fencer (level 16, 0/140 HPs)
             Began as a Demonspawn Monk on Jan 16, 2024.
             Was the Champion of Nemelex Xobeh.
             Slain by a +1 battleaxe of distortion (9 damage)
             ... on level 2 of the Elven Halls.
             The game lasted 01:15:50 (31031 turns).

ironshield the Fencer (Demonspawn Monk)            Turns: 31031, Time: 01:15:50

Health: 0/140      AC: 13    Str: 12    XL:     16   Next: 82%
Magic:  19/27      EV: 28    Int: 13    God:    Nemelex Xobeh [******]
Gold:   3751       SH:  2    Dex: 23    Spells: 11/15 levels left

rFire   + . .        T - +3 scimitar (vamp)
rCold   . . .        d - orb {light}
rNeg    + . .        z - +1 steam dragon scales
rPois   .            P - +2 helmet
rElec   +            (cloak unavailable)
rCorr   +            x - +0 pair of gloves
SInv    +            y - +0 pair of boots
Will    ++...        R - amulet of regeneration
Stlth   +            O - ring of the Octopus King {rN+ HP+2 AC+2 EV+2 SH+2}
HPRegen 1.23/turn    W - ring of Umpiryss {rElec rF+ rCorr SInv}
MPRegen 0.20/turn

%: no passive effects
@: mighty, glowing
A: ignite blood 2, powered by pain 2, torment resistance 1, big brain 1, demonic
willpower, weakness stinger 3
a: Renounce Religion, Draw Escape, Draw Destruction, Draw Summoning, Draw Stack,
Triple Draw, Deal Four, Stack Five


You were on level 2 of the Elven Halls.
You worshipped Nemelex Xobeh.
Nemelex Xobeh was exalted by your worship.
You visited 5 branches of the dungeon, and saw 25 of its levels.
You also visited: Bailey, Gauntlet and Ice Cave.

You collected 3751 gold pieces.

Inventory:

Hand Weapons
 f - a +3 scimitar of flaming
 T - a +3 vampiric scimitar (weapon)
Missiles
 q - 58 poisoned darts
 r - 241 stones (quivered)
 E - 2 throwing nets
 I - 8 javelins
 U - 11 silver javelins
Armour
 d - an orb of light (worn)
 x - a +0 pair of gloves (worn)
 y - a +0 pair of boots (worn)
 z - +1 steam dragon scales (worn)
 P - a +2 helmet (worn)
Jewellery
 O - a ring of the Octopus King (left hand) {rN+ HP+2 AC+2 EV+2 SH+2}
   (You found it in a bailey)

   [ring of positive energy]

   AC+2:      It affects your AC (+2).
   EV+2:      It affects your evasion (+2).
   rN+:       It protects you from negative energy.
   HP+2:      It affects your health (+2).
   SH+2:      It affects your SH (+2).
 R - an amulet of regeneration (around neck)
 W - the ring of Umpiryss (right hand) {rElec rF+ rCorr SInv}
   (You found it in a Gauntlet)

   [ring of see invisible]

   rF+:       It protects you from fire.
   rElec:     It insulates you from electricity.
   SInv:      It lets you see invisible.
   rCorr:     It protects you from acid and corrosion.
Wands
 i - a wand of iceblast (4)
 l - a wand of flame (37)
 o - a wand of polymorph (4)
 u - a wand of charming (16)
 A - a wand of mindburst (22)
 F - a wand of digging (4)
 H - a wand of quicksilver (12)
Scrolls
 a - 2 scrolls of revelation
 e - 6 scrolls of enchant armour
 j - 2 scrolls of summoning
 m - 2 scrolls of amnesia
 s - 2 scrolls of silence
 t - 4 scrolls of immolation
 v - 5 scrolls of teleportation
 B - 2 scrolls of noise
 C - 5 scrolls of identify
 D - a scroll of vulnerability
 K - 4 scrolls of fear
 M - 5 scrolls of enchant weapon
Potions
 b - 7 potions of heal wounds
 c - 2 potions of ambrosia
 g - 3 potions of haste
 h - 8 potions of enlightenment
 k - 7 potions of lignification
 n - 6 potions of curing
 p - a potion of berserk rage
 w - 2 potions of might
 G - 2 potions of attraction
 N - 3 potions of brilliance
 Q - a potion of resistance
 S - 6 potions of mutation
 V - 2 potions of cancellation
 X - 4 potions of invisibility


   Skills:
 - Level 16.0 Fighting
 - Level 16.0 Long Blades
 - Level 16.0 Dodging
 * Level 2.7 Translocations
 - Level 15.0 Invocations


You had 11 spell levels left.
You knew the following spells:

 Your Spells              Type           Power      Damage    Failure   Level
a - Manifold Assault      Tloc           7%         N/A       71%         4

Your spell library contained the following spells:

 Spells                   Type           Power      Damage    Failure   Level
 Apportation              Tloc           14%        N/A       11%         1
 Lesser Beckoning         Tloc           14%        N/A       16%         2
 Necrotise                Necr           0%         1d4       30%         1
 Sandblast                Erth           0%         2d4       30%         1
 Slow                     Hex            0%         N/A       30%         1
 Gell's Gravitas          Tloc           7%         N/A       30%         3
 Teleport Other           Tloc           7%         N/A       30%         3
 Cigotuvi's Dreadful Rot  Necr/Alch/Air  0%         N/A       43%         2
 Jinxbite                 Hex            0%         N/A       43%         2
 Mercury Vapours          Alch/Air       0%         N/A       43%         2
 Static Discharge         Conj/Air       0%         3-3/arc   43%         2
 Volatile Blastmotes      Fire/Tloc      6%         2d10      47%         3
 Call Canine Familiar     Summ           0%         N/A       67%         3
 Confusing Touch          Hex            0%         N/A       67%         3
 Dazzling Flash           Conj/Hex       0%         N/A       67%         3
 Hailstorm                Conj/Ice       0%         3d5       67%         3
 Inner Flame              Hex/Fire       0%         N/A       67%         3
 Mephitic Cloud           Conj/Alch/Air  0%         N/A       67%         3
 Sigil of Binding         Hex            0%         N/A       67%         3
 Stone Arrow              Conj/Erth      0%         3d7       67%         3
 Tukima's Dance           Hex            0%         N/A       67%         3
 Vampiric Draining        Necr           0%         2d6       67%         3
 Dimensional Bullseye     Hex/Tloc       1%         N/A       87%         4
 Iskenderun's Mystic Bla  Conj/Tloc      3%         2d3       87%         4
 Vhi's Electric Charge    Tloc/Air       6%         N/A       87%         4
 Airstrike                Air            0%         2d(0-16)  97%         4
 Animate Armour           Summ/Erth      0%         N/A       97%         4
 Animate Dead             Necr           0%         N/A       97%         4
 Dispel Undead            Necr           0%         3d6       97%         4
 Flame Wave               Conj/Fire      0%         2d4       97%         4
 Ignite Poison            Fire/Alch      0%         N/A       97%         4
 Sticky Flame             Fire/Alch      0%         2d4       97%         4
 Summon Lightning Spire   Summ/Air       0%         N/A       97%         4
 Summon Forest            Summ/Tloc      1%         N/A       99%         5
 Alistair's Intoxication  Alch           0%         N/A       100%        5
 Arcjolt                  Conj/Air       0%         1d10      100%        5
 Freezing Cloud           Conj/Ice/Air   0%         6-21      100%        5
 Summon Mana Viper        Hex/Summ       0%         N/A       100%        5
 Yara's Violent Unravell  Hex/Alch       0%         3d3       100%        5
 Dispersal                Tloc           3%         N/A       100%        6
 Starburst                Conj/Fire      0%         6d3       100%        6
 Summon Cactus Giant      Summ           0%         N/A       100%        6
 Enfeeble                 Hex            0%         N/A       100%        7
 Disjunction              Tloc           3%         N/A       100%        8
 Lehudib's Crystal Spear  Conj/Erth      0%         10d2      100%        8
 Maxwell's Capacitive Co  Air            0%         ∞         100%        8
 Death's Door             Necr           0%         N/A       100%        9
 Fire Storm               Conj/Fire      0%         5d1       100%        9


Dungeon Overview and Level Annotations

Branches:
Dungeon (15/15)            Temple (1/1) D:5            Lair (5/5) D:11
  Swamp (0/4) Lair:3        Snake (0/4) Lair:3        Slime (0/5) Lair:4
    Orc (2/2) D:11            Elf (2/3) Orc:2        Vaults (0/5) D:13
 Depths (0/4) D:15         Bailey (visited)           IceCv (visited)
Gauntlet (visited)

Altars:
Ashenzari
Cheibriados
Dithmenos
Fedhas
Gozag
Hepliaklqana
Kikubaaqudgha
Makhleb
Nemelex Xobeh
Okawaru
Qazlal
Ru
Sif Muna
Trog
Uskayaw
Vehumet
Wu Jian
Xom
Yredelemnul
Jiyva

Shops:
Orc:2 !::(

Annotations:
D:12 4 transporters, ironshield's ghost, journeyman DsMo
Temple 2 transporters


Innate Abilities, Weirdness & Mutations

Your demonic aura often causes spilled blood to erupt in flames.
You sometimes gain power by taking damage.
You are resistant to unholy torment.
You have an unusually large brain. (Int +2)
You punish those that try to bend your will. (Will+)
You have a sharp stinger which inflicts weakening toxins.


Message History

* * * LOW HITPOINT WARNING * * *
The +1 battleaxe of distortion is engulfed in blazing flames.
The +1 battleaxe of distortion closely misses you.
You barely miss the +1 battleaxe of distortion.
Your tail-slap misses the +1 battleaxe of distortion.
The +1 battleaxe of distortion is severely damaged.
The +2 vampiric trident is no longer moving slowly.
The +1 battleaxe of distortion hits you!
* * * LOW HITPOINT WARNING * * *
Space warps around you.
* * * LOW HITPOINT WARNING * * *
The +2 vampiric trident hits you from afar!
* * * LOW HITPOINT WARNING * * *
Okay, then.
You draw a card...
You have drawn the Tomb.
Walls emerge from the floor!
The +1 battleaxe of distortion is engulfed in blazing flames.
The +1 battleaxe of distortion completely misses you.
The +2 vampiric trident misses you.
Okay, then.
You hit the +1 battleaxe of distortion but do no damage.
The +1 battleaxe of distortion is severely damaged.
The +1 battleaxe of distortion is engulfed in blazing flames.
The +1 battleaxe of distortion hits you!
* * * LOW HITPOINT WARNING * * *
Space warps around you.
* * * LOW HITPOINT WARNING * * *
The +2 vampiric trident is engulfed in blazing flames.
The +2 vampiric trident hits you from afar!
* * * LOW HITPOINT WARNING * * *
The +2 vampiric trident draws strength from your wounds!
Okay, then.
You deal a card...
You have dealt the Tomb.
Nothing appears to happen.
You deal a card...
You have dealt Velocity.
Nothing appears to happen.
You deal a card...
You have dealt the Tomb.
Nothing appears to happen.
You deal a card...
You have dealt the Tomb.
Nothing appears to happen.
The +2 vampiric trident completely misses you.
The +1 battleaxe of distortion is engulfed in blazing flames.
The +1 battleaxe of distortion hits you!
You die...
Your body glows slightly brighter and disappears.

##.....##..)..........##.....#*
#############)..#############
######'''###### #...#...."#...#
##### #.#.#..)..#.#.# #[..###
#...#.))..#...# ......#
#.#.###(###.#.# ....>.#
#...#.#(#.#...# ......#
#.#.')#@#.'.#.# ......##
#...#)###.#...# ......^#
#.#.#.....#.#.# #...##.#
#...##...##...# ######.#
#.#..#####..#.#
#.###.............#
#..##)#.#.#.#.#.#.#
##.##.............#
#...........######


You could see 2 dancing weapons.

Vanquished Creatures
  Kirke (Elf:1)
  Agnes (Elf:2)
  Donald (Orc:2)
  An ironbound preserver (D:13)
  A minotaur (Gauntlet)
  A deep elf death mage (Elf:2)
  2 dire elephants (Lair:5)
  3 entropy weavers (Lair:4)
  Josephine (D:13)
  A rakshasa (D:15)
  7 hydras
  Erolcha (Orc:2)
  3 ghost crabs (Lair:4)
  4 centaur warriors
  An ogre mage (Orc:2)
  2 catoblepae
  The ghost of Dorkslayer the Carver, a journeyman OpFi of Wu Jian (Orc:1)
  2 boulder beetles (D:15)
  12 death yaks
  7 two-headed ogres
  15 dancing weapons
  2 tengu warriors (D:14)
  An occultist (D:15)
  10 deep elf knights
  6 fire crabs
  2 skeletal warriors (D:11)
  A spectral anaconda (Lair:5)
  A glowing orange brain (D:13)
  An arcanist (Gauntlet)
  An orb spider (shapeshifter) (Orc:2)
  A deep troll (Orc:2)
  A spriggan simulacrum (IceCv)
  4 deep elf archers
  A harpy (Orc:2)
  4 necromancers
  An orc knight (D:14)
  A wolf spider zombie (D:15)
  13 deep elf pyromancers
  An obsidian statue (Lair:5)
  4 orc sorcerers
  An oklob plant (Lair:5)
  A salamander (Lair:3)
  Maurice (Orc:2)
  14 deep elf zephyrmancers
  4 manticores
  A will-o-the-wisp (Lair:3)
  6 cyclopes
  A moth of wrath (Gauntlet)
  10 ugly things
  4 kobold blastminers
  5 large abominations (Elf:1)
  13 elephants
  A guardian serpent (Orc:2)
  An apocalypse crab (Lair:4)
  2 black mambas
  A water nymph (Bailey)
  4 gargoyles
  A torpor snail (Lair:4)
  12 cane toads
  A dire elephant skeleton (Lair:5)
  2 centaur skeletons (D:15)
  3 unseen horror zombies (D:9)
  3 kobold demonologists
  An efreet (D:14)
  An anaconda simulacrum (IceCv)
  Jeremiah (D:9)
  4 rime drakes
  2 freezing wraiths
  11 komodo dragons
  2 polar bears
  7 trolls
  A queen bee (Bailey)
  A hornet (D:8)
  Prince Ribbit (D:5)
  A tarantella (shapeshifter) (D:14)
  22 blink frogs
  4 dream sheep (Lair:4)
  Sigmund (D:5)
  3 vampires
  2 shadows (D:10)
  An air elemental (Elf:2)
  11 wyverns
  A spriggan (shapeshifter) (D:14)
  A water elemental (D:14)
  A hog (Elf:1)
  6 wraiths
  3 basilisks
  A fire bat (Orc:2)
  44 yaks
  A fire elemental (Elf:1)
  3 wargs (Orc:2)
  6 neqoxecs (Orc:1)
  4 redbacks (Gauntlet)
  3 steam dragons
  4 vampire mosquitoes (D:14)
  Menkaure (D:5)
  2 death yak simulacra (Lair:5)
  An acid dragon (D:11)
  12 water moccasins
  2 spectral cane toads (Lair:5)
  An acid dragon (shapeshifter) (D:13)
  3 nagas (Lair:3)
  4 hell hounds (D:13)
  21 orc warriors
  A sky beast (D:7)
  2 ice beasts (D:5)
  3 black bears
  23 ogres
  A tengu (Elf:2)
  3 centaurs
  2 wolves (Orc:2)
  3 elephant skeletons (Lair:5)
  4 kobold brigands
  2 phantoms (D:4)
  14 bullfrogs
  An elf zombie (Elf:1)
  3 scorpions
  A cane toad simulacrum (Lair:5)
  An earth elemental (Elf:2)
  13 wights
  An elephant simulacrum (Lair:5)
  10 killer bees
  9 electric eels
  6 howler monkeys
  A bombardier beetle (D:4)
  3 centaur zombies
  4 quasits (Orc:1)
  7 jellies
  3 hounds
  12 orc priests
  4 gnoll boudas
  3 sleepcaps
  An iguana (D:4)
  Ijyb (D:5)
  Natasha (thrice) (D:4)
  21 orc wizards
  2 hell rats (D:11)
  3 howler monkey zombies (D:9)
  12 adders
  19 gnolls
  5 river rats
  4 shadow imps
  3 white imps
  2 ufetubi (D:7)
  2 dart slugs
  77 orcs
  9 ball pythons
  7 bats
  9 endoplasms
  2 giant cockroaches (D:4)
  18 goblins
  12 hobgoblins
  A jackal (Bailey)
  5 quokkas
  21 kobolds
  9 rats
806 creatures vanquished.

Vanquished Creatures (collateral kills)
  A two-headed ogre (Orc:2)
  A skeletal warrior (D:11)
  An orc sorcerer (Orc:2)
  A troll (Orc:2)
  A death yak simulacrum (Lair:5)
  An orc warrior (Orc:2)
  2 elephant zombies (Lair:5)
  An elephant simulacrum (Lair:5)
  2 orcs (Orc:2)
11 creatures vanquished.

Vanquished Creatures (others)
  Asterion (Elf:2)
  A two-headed ogre (Orc:2)
  A large abomination (Elf:1)
  2 humans (Elf:1)
  A kobold (D:8)
  12 foxfires (Lair:3)
  A spectral weapon (Orc:2)
19 creatures vanquished.

Grand Total: 836 creatures vanquished

Notes
Turn   | Place    | Note
-------+----------+-------------------------------------------
     0 | D:1      | ironshield the Demonspawn Monk began the quest for the Orb.
     0 | D:1      | Reached XP level 1. HP: 18/18 MP: 1/1
    80 | D:1      | Gained mutation: Your demonic aura sometimes causes spilled
                  | blood to erupt in flames. [demonic ancestry]
    80 | D:1      | Reached XP level 2. HP: 13/24 MP: 2/2
   846 | D:2      | Gained mutation: You sometimes gain a little power by
                  | taking damage. [demonic ancestry]
   846 | D:2      | Reached XP level 3. HP: 26/29 MP: 3/3
  1252 | D:2      | Reached XP level 4. HP: 35/35 MP: 4/4
  1665 | D:3      | Reached skill level 5 in Long Blades
  1681 | D:3      | Found a snail-covered altar of Cheibriados.
  1840 | D:3      | Reached XP level 5. HP: 41/41 MP: 5/5
  2753 | D:4      | Gained mutation: You have a small tail. [demonic ancestry]
  2753 | D:4      | Reached XP level 6. HP: 42/47 MP: 6/6
  2757 | D:4      | Noticed Natasha
  2761 | D:4      | Killed Natasha
  2797 | D:4      | Found a hide-covered altar of Uskayaw.
  2845 | D:4      | Found an opulent altar of Gozag.
  2922 | D:4      | Noticed Natasha
  2936 | D:4      | Killed Natasha
  3076 | D:4      | Reached XP level 7. HP: 48/52 MP: 7/7
  3246 | D:4      | Found a broken altar of Ashenzari.
  3246 | D:4      | Found a shimmering altar of Xom.
  3426 | D:4      | Noticed Natasha
  3435 | D:4      | Killed Natasha
  3565 | D:5      | Entered Level 5 of the Dungeon
  3565 | D:5      | Noticed Prince Ribbit
  3936 | D:5      | Noticed Ijyb
  4084 | D:5      | Killed Ijyb
  4213 | D:5      | Killed Prince Ribbit
  4214 | D:5      | Reached skill level 5 in Dodging
  4214 | D:5      | Gained mutation: You have a tail ending in a sharp stinger.
                  | [demonic ancestry]
  4214 | D:5      | Reached XP level 8. HP: 38/58 MP: 8/8
  4625 | D:5      | Found a staircase to the Ecumenical Temple.
  4631 | Temple   | Found a transporter.
  4631 | Temple   | Found a transporter.
  4631 | Temple   | Found a transporter.
  4631 | Temple   | Found a transporter.
  4631 | Temple   | Entered the Ecumenical Temple
  4643 | Temple   | Became a worshipper of Nemelex Xobeh the Trickster
  4643 | Temple   | Reached * piety under Nemelex Xobeh
  4643 | Temple   | Received a gift from Nemelex Xobeh
  4643 | Temple   | Received a gift from Nemelex Xobeh
  4643 | Temple   | Reached ** piety under Nemelex Xobeh
  4841 | D:5      | Noticed Sigmund
  4849 | D:5      | Killed Sigmund
  4986 | D:5      | Noticed Menkaure
  4999 | D:5      | Killed Menkaure
  5260 | D:5      | Received a gift from Nemelex Xobeh
  5281 | D:5      | Reached skill level 5 in Invocations
  5398 | D:6      | Gained mutation: You have an unusually large brain. (Int
                  | +2) [demonic ancestry]
  5398 | D:6      | Reached XP level 9. HP: 57/63 MP: 11/13
  5522 | D:6      | Identified the +2 leather armour "Jidauz" {Rampage +Inv
                  | Will- Dex-3}
  5607 | D:6      | Found a hazy altar of Hepliaklqana.
  5806 | D:6      | Received a gift from Nemelex Xobeh
  6067 | D:6      | Found a radiant altar of Vehumet.
  6371 | D:6      | Found an iron altar of Okawaru.
  6839 | D:7      | Found a blossoming altar of Fedhas.
  6948 | D:7      | Reached *** piety under Nemelex Xobeh
  7536 | D:8      | Gained mutation: You have a sharp stinger which inflicts
                  | weakening toxins. [demonic ancestry]
  7536 | D:8      | Reached XP level 10. HP: 70/70 MP: 17/17
  7757 | D:8      | Reached skill level 10 in Invocations
  8737 | D:9      | Found a flagged portal.
  8750 | Bailey   | Entered a bailey
  8887 | Bailey   | Reached skill level 10 in Long Blades
  8986 | Bailey   | Noticed an orc knight
  8987 | Bailey   | an orc knight changed into a queen bee
  9108 | Bailey   | Noticed an orc warlord
  9109 | Bailey   | an orc warlord changed into a water nymph
  9109 | Bailey   | Noticed a water nymph
  9112 | Bailey   | Killed a water nymph
  9116 | Bailey   | Found the ring of the Octopus King
  9124 | Bailey   | Identified a ring of the Octopus King {rN+ HP+2 AC+2 EV+2
                  | SH+2}
  9329 | D:9      | Noticed Jeremiah
  9338 | D:9      | Killed Jeremiah
  9339 | D:9      | Reached XP level 11. HP: 75/75 MP: 19/19
  9590 | D:9      | Received a gift from Nemelex Xobeh
 10077 | D:10     | Entered Level 10 of the Dungeon
 10077 | D:10     | Noticed a two-headed ogre
 10083 | D:10     | Killed a two-headed ogre
 10200 | D:10     | Found a hazy altar of Hepliaklqana.
 10208 | D:10     | Reached **** piety under Nemelex Xobeh
 10365 | D:10     | Found a sacrificial altar of Ru.
 10395 | D:10     | Received a gift from Nemelex Xobeh
 10639 | D:10     | Found a basalt altar of Yredelemnul.
 10988 | D:11     | Received a gift from Nemelex Xobeh
 11027 | D:11     | Noticed a red ugly thing
 11042 | D:11     | Killed a red ugly thing
 11081 | D:11     | Found a staircase to the Orcish Mines.
 11322 | D:11     | Noticed a skeletal warrior
 11351 | D:11     | HP: 2/77 [skeletal warrior/+0 flail (19)]
 11395 | D:11     | Killed a skeletal warrior
 11408 | D:11     | Noticed a skeletal warrior
 11521 | D:11     | Identified the +0 hand axe of Raoh {pain, SInv}
 11532 | D:11     | Killed a skeletal warrior
 11823 | D:11     | Noticed a death yak
 11824 | D:11     | Noticed a death yak
 11855 | D:11     | Noticed a death yak
 11859 | D:11     | Killed a death yak
 11866 | D:11     | Killed a death yak
 11867 | D:11     | Gained mutation: Your demonic aura often causes spilled
                  | blood to erupt in flames. [demonic ancestry]
 11867 | D:11     | Reached XP level 12. HP: 81/81 MP: 22/22
 11874 | D:11     | Killed a death yak
 11944 | D:11     | Reached ***** piety under Nemelex Xobeh
 11945 | D:11     | Found a staircase to the Lair.
 12080 | D:11     | Received a gift from Nemelex Xobeh
 12217 | D:11     | Acquired 1214 gold pieces
 12256 | Lair:1   | Entered Level 1 of the Lair of Beasts
 13037 | Lair:2   | Received a gift from Nemelex Xobeh
 13392 | Lair:2   | Noticed a catoblepas
 13412 | Lair:2   | Killed a catoblepas
 13413 | Lair:2   | Reached skill level 15 in Invocations
 13433 | Lair:2   | Noticed a five-headed hydra
 13445 | Lair:2   | Killed a five-headed hydra
 13645 | Lair:2   | Received a gift from Nemelex Xobeh
 14444 | Lair:3   | Found a staircase to the Snake Pit.
 14462 | Lair:3   | Reached skill level 15 in Long Blades
 14504 | Lair:3   | Received a gift from Nemelex Xobeh
 14550 | Lair:3   | Reached ****** piety under Nemelex Xobeh
 14640 | Lair:3   | Reached XP level 13. HP: 76/86 MP: 24/24
 14685 | Lair:3   | Found a staircase to the Swamp.
 15651 | Lair:4   | Reached skill level 5 in Fighting
 15672 | Lair:4   | Reached skill level 10 in Dodging
 15889 | Lair:4   | Found a radiant altar of Vehumet.
 16036 | Lair:4   | Found a viscous altar of Jiyva.
 16057 | Lair:4   | Found a staircase to the Slime Pits.
 16057 | Lair:4   | Received a gift from Nemelex Xobeh
 16086 | Lair:4   | Found a runed translucent door.
 16167 | Lair:4   | Received a gift from Nemelex Xobeh
 18244 | Lair:5   | Entered Level 5 of the Lair of Beasts
 18250 | Lair:5   | Gained mutation: You punish those that try to bend your
                  | will. (Will+) [demonic ancestry]
 18250 | Lair:5   | Reached XP level 14. HP: 90/103 MP: 25/25
 18398 | Lair:5   | Received a gift from Nemelex Xobeh
 18432 | Lair:5   | Found a sparkling altar of Nemelex Xobeh.
 18593 | Lair:5   | Found the +1 robe of Vines {NoPotionHeal Regen++++}
 19596 | Lair:5   | Received a gift from Nemelex Xobeh
 19847 | Lair:5   | Identified the +2 trident of Undoing {elec, *Rage Will+
                  | MP+9 Int+2}
 19935 | Lair:5   | Reached skill level 10 in Fighting
 20623 | Lair:5   | Identified the +2 cloak of Relativism {rN+ Will- Regen+}
 21310 | D:12     | Found a transporter.
 21317 | D:12     | Found a transporter.
 21343 | D:12     | Received a gift from Nemelex Xobeh
 21343 | D:12     | Found a bloodstained altar of Trog.
 21406 | D:12     | Identified the +5 scale mail of the End {rPois SInv}
 21512 | D:12     | Identified the +4 broad axe of the Jolly Ziggurats {speed,
                  | rElec rC+ rN+ Stlth+}
 21517 | D:12     | Noticed ironshield's ghost (journeyman DsMo)
 21682 | D:12     | Received a gift from Nemelex Xobeh
 21731 | D:12     | Found a transporter.
 21737 | D:12     | Found a transporter.
 21739 | D:12     | Found a transporter.
 21745 | D:12     | Found a transporter.
 21939 | D:13     | Received a gift from Nemelex Xobeh
 22008 | D:13     | Received a gift from Nemelex Xobeh
 22161 | D:13     | Noticed Josephine
 22171 | D:13     | Killed Josephine
 22249 | D:13     | Gained mutation: You sometimes gain power by taking damage.
                  | [demonic ancestry]
 22249 | D:13     | Reached XP level 15. HP: 109/119 MP: 26/26
 22694 | D:13     | Received a gift from Nemelex Xobeh
 22714 | D:13     | Found a gate to the Vaults.
 22742 | D:13     | Learned a level 4 spell: Manifold Assault
 23398 | D:14     | Received a gift from Nemelex Xobeh
 23441 | D:14     | Found a gate leading to a gauntlet.
 23450 | Gauntlet | Entered a Gauntlet
 23450 | Gauntlet | Found a large runed translucent door.
 23450 | Gauntlet | Found a large runed translucent door.
 23450 | Gauntlet | Found a large runed translucent door.
 23450 | Gauntlet | Found a large runed translucent door.
 23450 | Gauntlet | Found a runed translucent door.
 23450 | Gauntlet | Found a large runed translucent door.
 23450 | Gauntlet | Found a large runed translucent door.
 23450 | Gauntlet | Found a transporter.
 23450 | Gauntlet | Found a transporter.
 23450 | Gauntlet | Found a large runed translucent door.
 23450 | Gauntlet | Found a large runed translucent door.
 23450 | Gauntlet | Found a runed translucent gate.
 23450 | Gauntlet | Found a runed translucent gate.
 23450 | Gauntlet | Found a transporter.
 23453 | Gauntlet | Found a runed translucent door.
 23454 | Gauntlet | Found a large runed translucent door.
 23454 | Gauntlet | Found a large runed translucent door.
 23454 | Gauntlet | Found a large runed translucent door.
 23454 | Gauntlet | Found a large runed translucent door.
 23455 | Gauntlet | Found a large runed translucent door.
 23456 | Gauntlet | Found a large runed translucent door.
 23466 | Gauntlet | Found a large runed translucent door.
 23466 | Gauntlet | Found a large runed translucent door.
 23467 | Gauntlet | Found a runed translucent gate.
 23473 | Gauntlet | Found a transporter.
 23488 | Gauntlet | Found a transporter.
 23490 | Gauntlet | Found a transporter.
 23502 | Gauntlet | Found a transporter.
 23524 | Gauntlet | Found a transporter.
 23542 | Gauntlet | Found a transporter.
 23546 | Gauntlet | Found a transporter.
 23557 | Gauntlet | Found a transporter.
 23560 | Gauntlet | Found a transporter.
 23687 | Gauntlet | Got the Omnibus of Loathsome Tephra
 23707 | Gauntlet | Identified the ring of the Genius {Ice +Blink rPois Int+10
                  | Stlth+}
 23755 | Gauntlet | Identified the ring of Umpiryss {rElec rF+ rCorr SInv}
 23771 | Gauntlet | Identified the +4 morningstar "Ihyrud" {flame, Str+3}
 24228 | D:14     | Received a gift from Nemelex Xobeh
 24699 | D:14     | Received a gift from Nemelex Xobeh
 24749 | D:15     | Entered Level 15 of the Dungeon
 25031 | D:15     | Received a gift from Nemelex Xobeh
 25506 | D:15     | Found a staircase to the Depths.
 25765 | D:15     | Received a gift from Nemelex Xobeh
 26233 | Orc:1    | Entered Level 1 of the Orcish Mines
 26279 | Orc:1    | Found a transporter.
 26284 | Orc:1    | Noticed Dorkslayer's ghost (journeyman OpFi)
 26333 | Orc:1    | Found a transporter.
 26675 | Orc:1    | Killed Dorkslayer's ghost
 26682 | Orc:1    | Got the ring "Vuehue" {Will+ Int+6}
 26684 | Orc:1    | Got the Elucidation of the Poisonous Impact
 26754 | Orc:2    | Entered Level 2 of the Orcish Mines
 26765 | Orc:2    | Noticed Erolcha
 26780 | Orc:2    | Received a gift from Nemelex Xobeh
 26787 | Orc:2    | Killed Erolcha
 27005 | Orc:2    | Noticed Maurice
 27025 | Orc:2    | Killed Maurice
 27152 | Orc:2    | Identified the +0 kite shield "Segojuaf" {Harm +Blink}
 27152 | Orc:2    | Noticed Donald
 27153 | Orc:2    | Identified the +0 long sword of Vaijorhi {spect, rPois rN+
                  | Dex-4}
 27156 | Orc:2    | Killed Donald
 27184 | Orc:2    | Found a staircase to the Elven Halls.
 27188 | Orc:2    | Found Boer's Book Shop.
 27276 | Orc:2    | Reached skill level 15 in Dodging
 27291 | Orc:2    | Gained mutation: You are resistant to unholy torment.
                  | [demonic ancestry]
 27291 | Orc:2    | Reached XP level 16. HP: 132/132 MP: 27/27
 27311 | Orc:2    | Found Kaet's Distillery.
 27312 | Orc:2    | Found Metue's Book Emporium.
 27466 | Orc:2    | Found Fubelle's Antique Weapon Boutique.
 27842 | Elf:1    | Entered Level 1 of the Elven Halls
 28092 | Elf:1    | Received a gift from Nemelex Xobeh
 28153 | Elf:1    | Noticed Kirke
 28170 | Elf:1    | Killed Kirke
 28263 | Elf:1    | Got the Atlas of the Autopsy
 28385 | Elf:1    | Found a glacial archway.
 28402 | IceCv    | Entered an ice cave
 29091 | Elf:1    | Received a gift from Nemelex Xobeh
 29513 | Elf:1    | Found a hide-covered altar of Uskayaw.
 29708 | Elf:2    | Found a runed translucent gate.
 29708 | Elf:2    | Found a runed translucent gate.
 29708 | Elf:2    | Found a runed translucent gate.
 29802 | Elf:2    | Reached skill level 15 in Fighting
 29833 | Elf:2    | Received a gift from Nemelex Xobeh
 29833 | Elf:2    | Noticed Agnes
 29837 | Elf:2    | Killed Agnes
 30071 | Elf:2    | Identified the +5 kite shield of Diexon {Rampage rElec
                  | Int-3}
 30071 | Elf:2    | Noticed Asterion
 30072 | Elf:2    | Noticed an Executioner
 30073 | Elf:2    | an Executioner changed into a tormentor
 30078 | Elf:2    | Killed Asterion
 30266 | Elf:2    | Paralysed by an air elemental for 1 turns
 30799 | Elf:2    | Reached skill level 1 in Translocations
 30847 | Elf:2    | Received a gift from Nemelex Xobeh
 31030 | Elf:2    | HP: 7/140 [+2 vampiric trident (8)]
 31031 | Elf:2    | Slain by a +1 battleaxe of distortion

Illustrated notes

Levels and vault maps discovered:
D:1:      grunt_arrival_lava_bath, layout_basic, serial_aquarium,
          aquarium_bridge_straight [aquarium_subvault_bridge,
          aquarium_subvault_window, aquarium_subvault_bridge,
          aquarium_subvault_window], aquarium_bridge_square
          [aquarium_subvault_balcony, aquarium_subvault_bridge,
          aquarium_subvault_bridge, aquarium_subvault_window],
          aquarium_window_fake, aquarium_window_1, aquarium_window_3,
          aquarium_window_fake, aquarium_view_4, aquarium_pool_five,
          minmay_tetromino_s4
D:2:      layout_loops_ring
D:3:      layout_basic, mainiacjoe_overflow_catwalk, kennysheep_generic_room_13
D:4:      layout_rooms, nicolae_overflow_hidden_temple,
          nicolae_gozag_cash_rules_everything_around_me,
          amethyst_overflow_temple_binary, hangedman_decor_opposing,
          chequers_serial_rivers_small_a, uniq_natasha
D:5:      layout_gridville, minmay_temple_entry_enclosed_plants,
          minmay_misc_feat_five, uniq_menkaure, uniq_prince_ribbit1,
          uniq_sigmund, uniq_ijyb
D:6:      wad_woods_stonehenge, layout_loops_ring, mainiacjoe_overflow_alcove_4,
          okawaru_gym_becter
D:7:      layout_loops_ring, mainiacjoe_overflow_surrounded_room,
          serial_demonic, serial_demonic_c, serial_demonic_g, serial_demonic_e,
          serial_demonic_b, serial_demonic_b, serial_demonic_e
D:8:      layout_basic
D:9:      layout_loops_corners, nicolae_tso_carved_into_rock,
          mainiacjoe_overflow_cross_hatched, serial_undead, serial_undead_a,
          serial_undead_b, serial_undead_e, serial_undead_d, serial_undead_b,
          serial_undead_b, enter_bailey_6, uniq_jeremiah
D:10:     layout_cave_pools, marbit_many_paths, nicolae_overflow_crystal_walls,
          mainiacjoe_overflow_boulevard
D:11:     layout_small_grid, dpeg_lair_monsters, erik_orc_2
D:12:     layout_gridville, gammafunk_ghost_wrathful_warriors,
          nicolae_transporter_circle
D:13:     layout_layer_cave, hellmonk_vaults_order_and_chaos,
          minmay_rotating_lava, uniq_josephine
D:14:     layout_basic, gauntlet_entry_generic
D:15:     grunt_enter_depths_magical_seal, layout_basic
Temple:   hellmonk_temple_divided_pantheon
Lair:1:   layout_long_grid
Lair:2:   layout_small_grid
Lair:3:   layout_big_grid, minmay_swamp_entry_wisps, alex1729_snake_entry_snake,
          lemuel_fruit_tree
Lair:4:   gammafunk_mikee_crab_dinner, layout_regular_city,
          nicolae_slime_entry_field_trip, basic_altar, grunt_megastairs_5,
          serial_bayou_shore_a
Lair:5:   due_jungle_book, layout_gridlike, basic_altar, serial_bayou_lagoon_a,
          minivault_24, hellmonk_guarded_unrand_vines, infiniplex_staircase_pool
Orc:1:    layout_caves, gammafunk_ghost_stat_death
Orc:2:    st_orc_open, layout_diamond_mine, uniq_maurice, uniq_donald,
          uniq_erolcha
Elf:1:    elf_arrival_002, layout_loops_corners,
          portal_ice_cave_entry_pillars_three, minmay_elf_necromancy,
          nicolae_elf_altarnating, uniq_kirke
Elf:2:    nicolae_elf_blades_splatter_lattice
          [nicolae_blade_entry_area_security], layout_geoelf_grid,
          uniq_asterion, uniq_agnes

Skill      XL: |  1  2  3  4  5  6  7  8  9 10 11 12 13 14 15 16 |
---------------+-------------------------------------------------+-----
Long Blades    | 3 4 5 6 7 8 10 13 15 16 | 16.0
Dodging        | 5 7 9 10 13 15 16 | 16.0
Invocations    | 5 9 11 13 15 | 15.0
Fighting       | 7 11 13 16 | 16.0
Translocations | 2 |  2.7

Action                     |  1- 3 |  4- 6 |  7- 9 | 10-12 | 13-15 | 16-18 || total
---------------------------+-------+-------+-------+-------+-------+-------++-------
  Melee: Falchion          |    96 |   104 |   280 |    69 |       |       ||   549
         Tailslap          |       |     8 |    56 |   161 |   264 |    81 ||   570
         Scimitar          |       |       |       |   599 |  1017 |   298 ||  1914
  Throw: Boomerang         |       |       |     8 |    14 |    35 |       ||    57
         Stone             |       |       |       |       |    27 |       ||    27
 Invoke: Draw Destruction  |       |       |       |    21 |    30 |     7 ||    58
         Draw Summoning    |       |       |       |     2 |     5 |       ||     7
         Stack Five        |       |       |       |       |     1 |       ||     1
         Draw Escape       |       |       |       |       |     4 |       ||     4
         Deal Four         |       |       |       |       |     2 |     4 ||     6
         Draw Stack        |       |       |       |       |       |     4 ||     4
  Evoke: Wand              |       |       |       |     4 |     4 |       ||     8
         Lightning rod     |       |       |       |       |     5 |       ||     5
    Use: Scroll            |       |     5 |     6 |    10 |    10 |     1 ||    32
         Potion            |       |       |       |     1 |     1 |     3 ||     5
   Stab: Distracted        |       |       |       |       |     1 |     1 ||     2
 Armour: Robe              |    18 |       |       |       |       |       ||    18
         Ring mail         |    35 |    73 |    88 |       |       |       ||   196
         Steam dragon scal |       |       |    59 |   239 |   444 |   168 ||   910
  Dodge: Dodged            |    78 |    54 |   197 |   549 |  1049 |   255 ||  2182

Table legend: (Time is in decaauts)
 A = Elapsed time spent in this place.
 B = Non-inter-level travel time spent in this place.
 C = Inter-level travel time spent in this place.
 D = Time resting spent in this place.
 E = Time spent auto-exploring this place.
 F = Levels seen in this place.
 G = Mean time per level.
                   A        B        C        D        E       F      G
               +--------+--------+--------+--------+--------+-----+--------+
         Total |  30637 |  29374 |   1263 |   5931 |  16022 |  28 | 1094.2 |
       Dungeon |  16622 |  15801 |    821 |   1903 |  10263 |  15 | 1108.1 |
        Temple |     26 |      7 |     19 |      0 |      0 |   1 |   26.0 |
          Lair |   8560 |   8219 |    341 |   2687 |   3636 |   5 | 1712.0 |
  Orcish Mines |   1771 |   1702 |     69 |    366 |    904 |   2 |  885.5 |
   Elven Halls |   2872 |   2859 |     13 |    966 |   1059 |   2 | 1436.0 |
        Bailey |    417 |    417 |      0 |      0 |    157 |   1 |  417.0 |
      Ice Cave |     31 |     31 |      0 |      8 |      3 |   1 |   31.0 |
      Gauntlet |    335 |    335 |      0 |      0 |      0 |   1 |  335.0 |
               +--------+--------+--------+--------+--------+-----+--------+

Top non-repeatable levels by time:
  Lair:4: 2860 daAuts
  Lair:5: 2465 daAuts
   Elf:1: 1512 daAuts
    D:13: 1442 daAuts
     D:4: 1434 daAuts
   Elf:2: 1360 daAuts
    D:11: 1345 daAuts
    D:15: 1343 daAuts
     D:9: 1288 daAuts
  Lair:3: 1276 daAuts
     D:5: 1236 daAuts
   Orc:2: 1159 daAuts
     D:6: 1146 daAuts
    D:14: 1128 daAuts
  Lair:2: 1122 daAuts
